 Dungeon Crawl Stone Soup version 0.30-a0-1085-g990a428a5c (webtiles) character file.

Game seed: 4829563174602658791

160 mandoloar the Insei (level 5, -4/34 HPs)
             Began as an Octopode Transmuter on Apr 16, 2023.
             Succumbed to Crazy Yiuf's poison
             ... on level 2 of the Dungeon.
             The game lasted 00:07:22 (3317 turns).

mandoloar the Insei (Octopode Transmuter)           Turns: 3317, Time: 00:07:22

Health: -4/34      AC:  2    Str: 10    XL:     5   Next: 41%
Magic:  3/8        EV: 20    Int: 17    God:
Gold:   68         SH:  0    Dex: 17    Spells: 3/9 levels left

rFire   . . .      SeeInvis .    a - melded +0 sling
rCold   . . .      Faith    .    (shield currently unavailable)
rNeg    . . .      Spirit   .    (helmet currently unavailable)
rPois   x          Reflect  .    (no amulet)
rElec   .          Rampage  .    (no ring)
rCorr   .                        (no ring)
Will    .....                    (no ring)
Stlth   ++                       (no ring)
HPRegen 0.25/turn                (no ring)
MPRegen 0.11/turn                (no ring)
                                 (no ring)
                                 (no ring)

@: lethally poisoned (-4 -> -32), spider-form, very slightly contaminated
A: venomous fangs, almost no armour, (amphibious), 8 rings, tiny, (camouflage
1), (gelatinous body 1), (nimble swimmer 1), (tentacles)
a: End Transformation


You were on level 2 of the Dungeon.
You were a venomous arachnid creature.
You visited 1 branch of the dungeon, and saw 2 of its levels.

You collected 68 gold pieces.

Inventory:

Hand Weapons
 a - a +0 sling (melded)
Missiles
 j - 3 poisoned darts
Wands
 b - a wand of digging (3)
 i - a wand of flame (15)
Scrolls
 c - 2 scrolls of amnesia {unknown}
 h - a scroll of identify
 k - a scroll of fear
Potions
 d - a potion of cancellation
 e - 2 potions of degeneration {unknown}
 f - 2 potions of might {unknown}
 g - a potion of lignification
 l - a potion of heal wounds


   Skills:
 + Level 1.9 Fighting
 + Level 2.6 Dodging
 + Level 2.3 Stealth
 + Level 3.6 Unarmed Combat
 + Level 2.6 Spellcasting
 + Level 2.6 Transmutations
 - Level 2.0 Poison Magic


You had 3 spell levels left.
You knew the following spells:

 Your Spells              Type           Power      Damage    Failure   Level
a - Beastly Appendage     Tmut           22%        N/A       17%         1
b - Wereblood             Tmut           11%        N/A       24%         2
c - Spider Form           Tmut/Pois      10%        N/A       43%         3

Your spell library contained the following spells:

 Spells                   Type           Power      Damage    Failure   Level
 Sting                    Tmut/Pois      40%        1d5       19%         1
 Poisonous Vapours        Pois/Air       10%        N/A       38%         2
 Olgreb's Toxic Radiance  Pois           9%         N/A       82%         4
 Ice Form                 Ice/Tmut       6%         N/A       87%         4


Dungeon Overview and Level Annotations

Branches:
Dungeon (2/15)

Altars:

Annotations:
D:2 Crazy Yiuf


Innate Abilities, Weirdness & Mutations

You are a venomous arachnid creature.
You have venomous fangs.
You are tiny and dextrous.
Your spellcasting is less reliable in this form.
Your armour is entirely melded.
You are incapable of wielding weapons or throwing items.
You cannot wear most types of armour.
((You are amphibious.))
You can wear up to eight rings at the same time.
((Your skin changes colour to match your surroundings (Stealth+).))
((Your rubbery body absorbs attacks. (AC +1, EV +1)))
((You are camouflaged when in or above water. (Stealth+)))
((You have tentacles for arms and can constrict up to eight enemies at once.))


Message History

You now have 51 gold pieces (gained 11).
Found a Young Poisoner's Handbook.
c - 2 scrolls labelled ASTOTE ESYFIKI (gained 1)
You now have 68 gold pieces (gained 17).
You see here a ball python corpse.
There is a large open door here.
You see here a frilled lizard corpse.
You see here a +0 hammer.
You see here a +0 hammer.
Search for what [? for help]? .
Casting: Spider Form (quite dangerous; 22% risk of failure)
Confirm with . or Enter, or press ? or * to list all spells.
You turn into a venomous arachnid creature.
Your +0 sling melds into your body.
Crazy Yiuf shouts!
Casting: Spider Form (quite dangerous; 43% risk of failure)
Confirm with . or Enter, or press ? or * to list all spells.
You miscast Wereblood.
You are very lightly contaminated with residual magic.
Nothing appears to happen.
You open the door.
Crazy Yiuf says, "Liver!
Whippet mumblescurry forty-two."
You hit Crazy Yiuf.
Crazy Yiuf is poisoned.
Crazy Yiuf is moderately wounded.
Crazy Yiuf hits you with a +3 quarterstaff of chaos!
Crazy Yiuf burns you.
You hit Crazy Yiuf but do no damage.
Crazy Yiuf looks as sick as possible!
Crazy Yiuf is moderately wounded.
Crazy Yiuf hits you with a +3 quarterstaff of chaos!
You are lethally poisoned!
You bite Crazy Yiuf!
Crazy Yiuf looks as sick as possible!
Crazy Yiuf is severely wounded.
* * * LOW HITPOINT WARNING * * *
You feel extremely sick. Crazy Yiuf attacks as you move away!
Crazy Yiuf hits you with a +3 quarterstaff of chaos.
* * * LOW HITPOINT WARNING * * *
Crazy Yiuf freezes you.
* * * LOW HITPOINT WARNING * * *
You die...

...†.........#....>.....#
.............##..#......###
###.....################..#
# ####### ##.### #....# ###
♣♣###.### #)).#♣♣ ♣♣.....#
#.))g.♣♣♣♣P.....#
#...#♣s)♣).....## ###
♣♣♣.♣.P..## ♣♣♣♣♣###


You could see Crazy Yiuf (extremely poisoned).

Vanquished Creatures
  Natasha (thrice) (D:2)
  Terence (D:2)
  A worm (D:2)
  6 ball pythons
  4 bats
  3 endoplasms (D:1)
  2 giant cockroaches (D:2)
  6 goblins
  8 hobgoblins
  7 jackals
  2 kobolds (D:1)
  A quokka (D:2)
  3 frilled lizards
  6 rats
53 creatures vanquished.

Notes
Turn   | Place    | Note
-------+----------+-------------------------------------------
     0 | D:1      | mandoloar the Octopode Transmuter began the quest for the
                  | Orb.
     0 | D:1      | Reached XP level 1. HP: 13/13 MP: 3/3
   282 | D:1      | Reached XP level 2. HP: 15/18 MP: 3/5
   285 | D:1      | Learned a level 2 spell: Wereblood
   791 | D:1      | Reached skill level 1 in Poison Magic
  1250 | D:1      | Reached skill level 1 in Stealth
  1250 | D:1      | Reached XP level 3. HP: 23/23 MP: 3/6
  1292 | D:1      | Learned a level 3 spell: Spider Form
  1806 | D:2      | Noticed Natasha
  1816 | D:2      | Killed Natasha
  1817 | D:2      | Reached XP level 4. HP: 5/28 MP: 2/7
  1980 | D:2      | Noticed Natasha
  1988 | D:2      | Killed Natasha
  2001 | D:2      | Noticed Natasha
  2208 | D:2      | Killed Natasha
  2295 | D:2      | Reached XP level 5. HP: 33/34 MP: 2/8
  2430 | D:2      | Noticed Terence
  2653 | D:2      | Found a runed translucent door.
  2654 | D:2      | Noticed Crazy Yiuf
  2852 | D:2      | Killed Terence
  3317 | D:2      | Succumbed to Crazy Yiuf's poison

Illustrated notes

Levels and vault maps discovered:
D:1:      dreamdust_arrival_beginning_and_end, layout_loops_corners,
          hangedman_glass_teeth, minmay_tromino_i2
D:2:      layout_rooms, minivault_24, kennysheep_big_empty_room,
          grunt_decor_one_mirror, uniq_natasha, uniq_crazy_yiuf_cottage,
          uniq_terence

Skill      XL: |  1  2  3  4  5 |
---------------+----------------+-----
Poison Magic   | 1 2 |  2.0
Stealth        | 1 2 |  2.3
Fighting       | |  1.9
Dodging        | |  2.6
Unarmed Combat | |  3.6
Spellcasting   | |  2.6
Transmutations | |  2.6

Action                     |  1- 3 |  4- 6 || total
---------------------------+-------+-------++-------
  Melee: Unarmed           |    55 |    52 ||   107
         Kick              |    12 |       ||    12
         Constrict         |    13 |     1 ||    14
         Tentacles         |     5 |       ||     5
   Fire: Sling             |       |     9 ||     9
   Cast: Beastly Appendage |    21 |     2 ||    23
         Wereblood         |    12 |     2 ||    14
         Spider Form       |     1 |    13 ||    14
    Use: Scroll            |     4 |       ||     4
   Stab: Sleeping          |     2 |       ||     2
 Armour: Skin              |     2 |     2 ||     4
  Dodge: Dodged            |    32 |    33 ||    65

Table legend: (Time is in decaauts)
 A = Elapsed time spent in this place.
 B = Non-inter-level travel time spent in this place.
 C = Inter-level travel time spent in this place.
 D = Time resting spent in this place.
 E = Time spent auto-exploring this place.
 F = Levels seen in this place.
 G = Mean time per level.
                   A        B        C        D        E       F      G
               +--------+--------+--------+--------+--------+-----+--------+
         Total |   3318 |   3167 |    151 |    858 |   1760 |   2 | 1659.0 |
       Dungeon |   3318 |   3167 |    151 |    858 |   1760 |   2 | 1659.0 |
               +--------+--------+--------+--------+--------+-----+--------+

Top non-repeatable levels by time:
     D:1: 1960 daAuts
     D:2: 1357 daAuts
